 Dungeon Crawl Stone Soup version 0.31-a0-640-g39d97e502b (webtiles) character file.

Game seed: 353716036410314240

333 Shayle the Trooper (level 6, -1/66 HPs)
             Began as an Ogre Shapeshifter on Aug 28, 2023.
             Was an Initiate of Ashenzari.
             Slain by a +2 spectral club (3 damage)
             ... created by Ijyb
             ... on level 4 of the Dungeon.
             The game lasted 00:11:05 (3787 turns).

Shayle the Trooper (Ogre Shapeshifter)              Turns: 3787, Time: 00:11:06

Health: -1/66      AC:  3    Str: 19    XL:     6   Next: 52%
Magic:  11/11      EV:  9    Int: 13    God:    Ashenzari [......]
Gold:   188        SH:  0    Dex:  8    Spells: 12/12 levels left

rFire   . . .        e - +2 whip (elec)
rCold   . . .        (no shield)
rNeg    . . .        a - +0 animal skin
rPois   .            (helmet currently unavailable)
rElec   .            (cloak currently unavailable)
rCorr   .            (gloves unavailable)
SInv    .            (boots unavailable)
Will    .....        (no amulet)
Stlth   +            j - ring of wizardry
HPRegen 0.31/turn    (no ring)
MPRegen 0.12/turn

%: wizardry (x1)
@: beast-form
A: beast (slay +1), large, unfitting armour, tough skin 1
a: Begin Untransformation, Renounce Religion


You were on level 4 of the Dungeon.
You worshipped Ashenzari.
Ashenzari was noncommittal.
You were a hulking beast.
You visited 2 branches of the dungeon, and saw 5 of its levels.

You collected 188 gold pieces.

Inventory:

Hand Weapons
 e - a +2 whip of electrocution (weapon)
 i - a +1 hand axe of electrocution
 o - a +3 heavy hand axe
Missiles
 h - a throwing net
Armour
 a - a +0 animal skin (worn)
Jewellery
 j - a ring of wizardry (left hand)
 k - a ring of fire
Talismans
 c - a beast talisman (active)
 d - a flux talisman
Scrolls
 g - 3 scrolls of identify
 m - 2 scrolls of brand weapon
Potions
 b - a potion of ambrosia {unknown}
 f - a potion of invisibility {unknown}
 l - a potion of degeneration {unknown}
 n - a potion of cancellation {unknown}


   Skills:
 + Level 5.0 Fighting
 - Level 1.7 Dodging
 + Level 4.2 Unarmed Combat
 + Level 3.8 Spellcasting
 - Level 3.0 Shapeshifting


You had 12 spell levels left.
You didn't know any spells.
Your spell library contained the following spells:

 Spells                   Type           Power      Damage    Failure   Level
 Apportation              Tloc           4%         N/A       9%          1
 Necrotise                Necr           8%         1d4       9%          1
 Summon Small Mammal      Summ           8%         N/A       9%          1


Dungeon Overview and Level Annotations

Branches:
Dungeon (4/15)             Temple (1/1) D:4

Altars:
Ashenzari
Cheibriados
Dithmenos
Elyvilon
Fedhas
Kikubaaqudgha
Ru
Sif Muna
Trog
Uskayaw
Vehumet
Xom
Yredelemnul
The Shining One

Annotations:
D:4 Ijyb, Natasha


Innate Abilities, Weirdness & Mutations

You are a hulking beast.
Your limbs bulge with bestial killing power. (Slay +1)
You are too large for most types of armour.
You have tough skin. (AC +1)


Message History

Ijyb barely misses you. The +2 spectral club hits you.
A +2 spectral club comes into view.
You hit Ijyb but do no damage. Ijyb hits you with a +2 spectral club.
The +2 spectral club barely misses you.
You hit Ijyb but do no damage. Ijyb hits you with a +2 spectral club.
The +2 spectral club hits you!
You hit Ijyb.
Ijyb is lightly wounded.
Ijyb screams, "I dance on your bones!" Ijyb hits you with a +2 spectral club.
The +2 spectral club hits you!
Natasha, Servant of Life and Death comes into view.
She is carrying a wand of flame.
You barely miss Ijyb.
Ijyb is lightly wounded.
Natasha hisses angrily.
Natasha zaps a wand.
The puff of flame hits you. Ijyb hits you with a +2 spectral club.
The +2 spectral club hits you.
Unknown command.
Okay, then.
Okay, then.
You barely miss Ijyb.
Ijyb is lightly wounded.
Ijyb hits you with a +2 spectral club.
* * * LOW HITPOINT WARNING * * *
The +2 spectral club closely misses you.
Unknown command.
You barely miss Ijyb.
Ijyb is lightly wounded.
The +2 spectral club hits you.
* * * LOW HITPOINT WARNING * * *
The +2 spectral club closely misses you.
Ijyb barely misses you.
The +2 spectral club completely misses you.
The +2 spectral club hits you!
* * * LOW HITPOINT WARNING * * *
You closely miss Ijyb.
Ijyb is lightly wounded.
Ijyb hits you with a +2 spectral club.
* * * LOW HITPOINT WARNING * * *
The +2 spectral club hits you.
You die...

#># .............# #<.... ..#
..######.#....#### #[Y... .## #.#
###.........# #..... .####..#
#...........### #.....
......######...#...............##
(......................##.......
....####.##...##.......# .......
....#....###.............#.......
.###.... .......h(........
.......#####.##..g.....###.
................##.#.###
........###.#..........
.........##.h.#####.....
.........##..## .....
....>........######.....
........................
..........###...###.


You could see a +2 spectral club, Ijyb and Natasha.

Vanquished Creatures
  A centaur (D:3)
  An orc priest (D:3)
  An orc wizard (D:3)
  Natasha (D:4)
  7 adders
  A worm (D:4)
  3 dart slugs
  11 orcs (D:3)
  8 endoplasms
  5 giant cockroaches
  6 goblins
  11 hobgoblins
  5 quokkas
  5 ball pythons
  5 bats
  A frilled lizard (D:1)
  16 kobolds
  5 rats
93 creatures vanquished.

Notes
Turn   | Place    | Note
-------+----------+-------------------------------------------
     0 | D:1      | Shayle the Ogre Shapeshifter began the quest for the Orb.
     0 | D:1      | Reached XP level 1. HP: 19/19 MP: 1/1
   174 | D:1      | Reached XP level 2. HP: 27/28 MP: 1/3
   214 | D:1      | Reached skill level 2 in Fighting
   286 | D:1      | Reached skill level 1 in Spellcasting
   470 | D:1      | Reached XP level 3. HP: 36/36 MP: 3/5
  1076 | D:2      | Reached skill level 3 in Fighting
  1095 | D:2      | Reached XP level 4. HP: 25/45 MP: 5/7
  1952 | D:3      | Noticed a centaur
  1965 | D:3      | Killed a centaur
  1966 | D:3      | Reached skill level 4 in Fighting
  1966 | D:3      | Reached XP level 5. HP: 33/54 MP: 7/9
  2445 | D:3      | Reached XP level 6. HP: 36/63 MP: 9/11
  3326 | D:4      | Found a shadowy altar of Dithmenos.
  3361 | D:4      | Found a bloodstained altar of Trog.
  3403 | D:4      | Found a staircase to the Ecumenical Temple.
  3412 | Temple   | Entered the Ecumenical Temple
  3472 | Temple   | Became a worshipper of Ashenzari the Shackled
  3502 | D:4      | Noticed Natasha
  3516 | D:4      | Killed Natasha
  3633 | D:4      | Reached skill level 5 in Fighting
  3675 | D:4      | Noticed an ice beast
  3777 | D:4      | Noticed Ijyb
  3783 | D:4      | Noticed Natasha
  3787 | D:4      | HP: 2/66 [Ijyb/+2 spectral club (6)]
  3787 | D:4      | Slain by a +2 spectral club

Illustrated notes

Levels and vault maps discovered:
D:1:      tarquinn_simple_flora_water_b, layout_loops_cross,
          lexackson_kobold_supper
D:2:      layout_basic, minmay_box_of_dots
D:3:      kb_forest_paths, layout_basic
D:4:      layout_rooms, kennysheep_mini, kennysheep_little_box,
          minmay_temple_entry_waves, uniq_natasha, uniq_ijyb
Temple:   chequers_temple_sunken

Skill      XL: |  1  2  3  4  5  6 |
---------------+-------------------+-----
Fighting       | 2 3 4 5 |  5.0
Spellcasting   | 1 2 3 |  3.8
Unarmed Combat | 3 4 |  4.2
Dodging        | |  1.7
Shapeshifting  | |  3.0

Action                     |  1- 3 |  4- 6 || total
---------------------------+-------+-------++-------
  Melee: Unarmed           |   129 |    33 ||   162
         Punch             |     2 |     1 ||     3
         Hand axe          |       |    65 ||    65
         Whip              |       |    35 ||    35
    Use: Potion            |       |     5 ||     5
         Scroll            |       |     5 ||     5
 Armour: Animal skin       |    23 |    27 ||    50
         Skin              |       |    47 ||    47
  Dodge: Dodged            |    47 |    61 ||   108

Table legend: (Time is in decaauts)
 A = Elapsed time spent in this place.
 B = Non-inter-level travel time spent in this place.
 C = Inter-level travel time spent in this place.
 D = Time resting spent in this place.
 E = Time spent auto-exploring this place.
 F = Levels seen in this place.
 G = Mean time per level.
                   A        B        C        D        E       F      G
               +--------+--------+--------+--------+--------+-----+--------+
         Total |   3844 |   3627 |    217 |    313 |   2451 |   5 |  768.8 |
       Dungeon |   3769 |   3566 |    203 |    313 |   2405 |   4 |  942.2 |
        Temple |     74 |     60 |     14 |      0 |     46 |   1 |   74.0 |
               +--------+--------+--------+--------+--------+-----+--------+

Top non-repeatable levels by time:
     D:3: 1288 daAuts
     D:2: 1089 daAuts
     D:1: 983 daAuts
     D:4: 408 daAuts
  Temple: 74 daAuts
